 Dungeon Crawl Stone Soup version 0.27.1 (webtiles) character file.

Game seed: 8427041452728622189

98 Sabo the Shield-Bearer (level 4, -1/28 HPs)
             Began as a Gargoyle Fighter on Sept 3, 2021.
             Slain by an orc (2 damage)
             ... on level 3 of the Dungeon.
             The game lasted 00:14:14 (2932 turns).

Sabo the Shield-Bearer (Gargoyle Fighter)           Turns: 2932, Time: 00:14:15

Health: -1/28      AC: 11    Str: 20    XL:     4   Next: 71%
Magic:  4/4        EV:  7    Int:  8    God:
Gold:   56         SH:  9    Dex: 10    Spells: 3/3 levels left

rFire    . . .     SeeInvis .   a - +0 war axe
rCold    . . .     Faith    .   c - +0 kite shield
rNeg     + . .     Spirit   .   b - +0 scale mail
rPois    ∞         Reflect  .   h - +0 helmet
rElec    +         Harm     .   l - scarf {repulsion}
rCorr    .         Rampage  .   (no gloves)
Will     .....                  (no boots)
Stlth    ..........             f - amulet of magic regeneration
HPRegen  0.09/turn              (no ring)
MPRegen  0.34/turn              (no ring)

@: mighty, repel missiles
A: sickness immunity, AC +3, negative energy resistance 1, electricity
resistance, torment resistance 1, petrification resistance
a: no special abilities


You were on level 3 of the Dungeon.
You visited 1 branch of the dungeon, and saw 3 of its levels.

You collected 56 gold pieces.

Inventory:

Hand Weapons
 a - a +0 war axe (weapon)
Armour
 b - a +0 scale mail (worn)
 c - a +0 kite shield (worn)
 h - a +0 helmet (worn)
 l - a scarf of repulsion (worn)
Jewellery
 f - an amulet of magic regeneration (around neck)
Scrolls
 i - a scroll of blinking {unknown}
 j - a scroll of vulnerability {unknown}
 n - a scroll of immolation {unknown}
 o - a scroll of identify {unknown}
Potions
 d - a potion of might
 e - 2 potions of curing {unknown}
 g - a potion of resistance {unknown}
 k - a potion of attraction {unknown}
 m - a potion of flight {unknown}
 p - a potion of lignification {unknown}


   Skills:
 + Level 3.4 Fighting
 + Level 2.8 Axes
 + Level 3.8 Armour
 + Level 0.3 Dodging
 + Level 0.5 Stealth
 + Level 4.3 Shields


You had 3 spell levels left.
You didn't know any spells.
Your spell library was empty.

Dungeon Overview and Level Annotations

Branches:
Dungeon (3/15)

Altars:


Innate Abilities, Weirdness & Mutations

You are immune to sickness and miasma.
Your stone body is resilient. (AC +3)
You are immune to poison.
You resist negative energy. (rN+)
You are resistant to electric shocks. (rElec)
You are resistant to unholy torment.
You are immune to petrification.


Message History

Something hits you but does no damage.
You closely miss something. You block something's attack.
You hit something.
Something hits you but does no damage. x2
Your scale mail prevents you from hitting something.
Something hits you.
You barely miss something. Something hits you.
Something hits you but does no damage.
You barely miss something.
The orc shouts!
Something hits you but does no damage. x2
You miss something.
You hear some strange, mumbled words.
Something tries to affect you, but you resist.
You barely miss something. Something hits you. You block something's attack.
You barely miss something. Something hits you.
You hear some strange, mumbled words.
You are confused.
You bump into the rock wall.
Something hits you but does no damage.
You see here an amulet of faith.
You bump into the rock wall.
You bump into the rock wall.
Something hits you but does no damage.
You barely miss something. You closely miss the orc.
You feel less confused. The orc hits you with a +0 flail. Something hits you.
* * * LOW HITPOINT WARNING * * *
The orc hits you with a +0 flail.
* * * LOW HITPOINT WARNING * * *
Unknown command.
An orc wizard appears from thin air!
Reactivating autopickup.
You slash the orc wizard!
You kill the orc wizard!
Your Shields skill increases to level 4!
You barely miss the orc. The orc closely misses you.
The orc hits you with a +0 flail.
* * * LOW HITPOINT WARNING * * *
You closely miss the orc. The orc hits you but does no damage.
Your shield and scale mail prevent you from hitting the orc.
The orc hits you with a +0 flail.
You die...

#.............$##
#..............#
#∩..♣..♣..∩..8.#
#..............#
#.......)).....#
#♣..♣..∩).8..♣.#
#######)###...#
#.##...####
#.o@.......
###########


You could see an orc.

Vanquished Creatures
  An orc wizard (D:3)
  An adder (D:2)
  2 dart slugs
  4 orcs (D:3)
  3 bats
  5 endoplasms
  A giant cockroach (D:1)
  3 goblins
  2 hobgoblins
  9 jackals (D:1)
  3 quokkas (D:1)
  3 ball pythons
  A frilled lizard (D:2)
  6 kobolds
  6 rats
50 creatures vanquished.

Notes
Turn   | Place    | Note
-------+----------+-------------------------------------------
     0 | D:1      | Sabo the Gargoyle Fighter began the quest for the Orb.
     0 | D:1      | Reached XP level 1. HP: 14/14 MP: 1/1
   294 | D:1      | Reached XP level 2. HP: 19/19 MP: 2/2
   966 | D:1      | Reached XP level 3. HP: 23/23 MP: 3/3
  2321 | D:2      | Reached XP level 4. HP: 28/28 MP: 4/4
  2930 | D:3      | Reached skill level 4 in Shields
  2930 | D:3      | HP: 1/28 [orc (3)]
  2932 | D:3      | Slain by an orc

Illustrated notes

Levels and vault maps discovered:
D:1:      dpeg_arrival_another_circle, layout_loops_corners,
          minmay_misc_feat_tiny, chequers_serial_rivers_micro_e
D:2:      layout_basic, minivault_4, kennysheep_nondescript,
          grunt_decor_mini_mirrors, amcnicky_mini_rare_corridor_liquid,
          grunt_ministairs_11, chequers_arboretum, minivault_25
D:3:      layout_basic, mainiacjoe_overflow_catwalk,
          grunt_dithmenos_smoke_and_mirrors,
          hellmonk_ecumenical_altar_arch_garden, uniq_natasha

Skill      XL: |  1  2  3  4 |
---------------+-------------+-----
Axes           | 2 |  2.8
Shields        | 4 |  4.3
Fighting       | |  3.4
Armour         | |  3.8
Dodging        | |  0.3
Stealth        | |  0.5

Action                   |  1- 3 |  4- 6 || total
-------------------------+-------+-------++-------
Melee: War axe           |   125 |    27 ||   152
  Use: Potion            |       |     1 ||     1
Armor: Scale mail        |    74 |    20 ||    94
Dodge: Dodged            |    47 |     8 ||    55
Block: Kite shield       |    71 |    13 ||    84
